 Dungeon Crawl Stone Soup version 0.32-a0-350-g4f4d228785 (webtiles) character file.

Game seed: 14563823438850694076

86 promet the Sneak (level 4, 0/23 HPs)
             Began as a Spriggan Brigand on Feb 18, 2024.
             Was an Initiate of Vehumet.
             Killed by nerve-wracking pain
             ... invoked by Grinder
              (10 damage)
             ... on level 3 of the Dungeon.
             The game lasted 00:10:58 (2189 turns).

promet the Sneak (Spriggan Brigand)                 Turns: 2189, Time: 00:11:00

Health: 0/23       AC:  3    Str:  7    XL:     4   Next: 27%
Magic:  4/5        EV: 16    Int: 12    God:    Vehumet [......]
Gold:   77         SH:  0    Dex: 18    Spells: 2/3 levels left

rFire   . . .        a - +2 dagger
rCold   . . .        (no shield)
rNeg    . . .        h - +0 robe
rPois   .            (helmet restricted)
rElec   .            g - +0 cloak
rCorr   .            (gloves unavailable)
SInv    +            (boots unavailable)
Will    .....        (no amulet)
Stlth   ++++         (no ring)
HPRegen 0.23/turn    (no ring)
MPRegen 0.09/turn

%: no passive effects
@: about to teleport, on berserk cooldown, slowed, quick
A: very small, no large weapons, unfitting armour, see invisible, speed 3
a: Renounce Religion


You were on level 3 of the Dungeon.
You worshipped Vehumet.
Vehumet was noncommittal.
You visited 1 branch of the dungeon, and saw 3 of its levels.

You collected 77 gold pieces.

Inventory:

Hand Weapons
 a - a +2 dagger (weapon)
 b - a +0 sling
 c - a +0 short sword
Missiles
 d - 14 poisoned darts (quivered)
 j - 9 stones
Armour
 g - a +0 cloak (worn)
 h - a +0 robe (worn)
Scrolls
 f - a scroll of revelation
 l - a scroll of immolation
Potions
 i - 3 potions of curing


   Skills:
 * Level 2.0 Fighting
 + Level 2.6 Short Blades
 + Level 1.4 Ranged Weapons
 + Level 2.0 Throwing
 + Level 1.5 Dodging
 + Level 7.5 Stealth


You had 2 spell levels left.
You knew the following spells:

 Your Spells              Type           Power      Damage    Failure   Level
a - Magic Dart            Conj           0%         1d3       32%         1

Your spell library contained the following spells:

 Spells                   Type           Power      Damage    Failure   Level
 Blink                    Tloc           0%         N/A       45%         2
 Call Imp                 Summ           0%         N/A       45%         2
 Ensorcelled Hibernation  Hex/Ice        0%         N/A       45%         2
 Fugue of the Fallen      Necr           0%         N/A       69%         3
 Anguish                  Hex/Necr       0%         N/A       97%         4


Dungeon Overview and Level Annotations

Branches:
Dungeon (3/15)

Altars:
Vehumet

Annotations:
D:3 Grinder


Innate Abilities, Weirdness & Mutations

You are very small and have problems with some larger weapons.
You are too small for most types of armour.
You have supernaturally acute eyesight. (SInv)
You cover ground extremely quickly. (Speed+++)


Message History

Pain shoots through your body!
Grinder blinks!
You see here a curare-tipped dart.
e - a curare-tipped dart Throw: dart (curare)
Press: ? - help, Q - select action, (/) - cycle Shift-Dir - straight line, f - Grinder
Aim: Grinder (lightly wounded, 57% to hit)
You throw a curare-tipped dart.
The curare-tipped dart barely misses Grinder.
Casting: Magic Dart (safe; 32% risk of failure)
Confirm with . or Enter, or press ? or * to list all spells.
Aiming: Magic Dart (safe; 32% risk of failure)
Press: ? - help, Shift-Dir - straight line, f/p - Grinder
Aim: Grinder (lightly wounded, 100% to hit)
You miscast Magic Dart.
You are very lightly contaminated with residual magic.
Nothing appears to happen.
Grinder blinks!
Grinder hits you but does no damage.
You hit Grinder but do no damage.
Grinder is lightly wounded.
Grinder hits you but does no damage.
You barely miss Grinder.
Grinder is lightly wounded.
Grinder closely misses you.
You hit Grinder.
Grinder is lightly wounded.
Grinder gestures at you.
You suddenly lose the ability to move!
Grinder hits you!
You writhe in agony.
Grinder gestures at you.
You struggle to resist.
Your magical contamination has completely faded away.
Grinder blinks!
You can move again.
As you read the scroll of teleportation, it crumbles to dust.
You feel strangely unstable. Grinder gestures at you.
Pain shoots through your body!
You die...
Grinder says, "Now the real fun starts!"
Bones file is buggy: /crawl-master/crawl-git/saves/bones/bones.store.D-3 Clearing bad bones file: /crawl-master/crawl-git/saves/bones/bones.store.D-3

#.........#
#....(....#
#.........#
#...5.....#
#.........#
##<......##
#.........#
#...ยง.....#
#..@......#
#............#
#.##.........#
.. ####.....##
. #...## #..#
#.# ..


You could see Grinder.

Vanquished Creatures
  Robin (D:2)
  2 adders (D:2)
  5 endoplasms
  A giant cockroach (D:2)
  8 goblins
  3 hobgoblins (D:1)
  5 kobolds
  A quokka (D:1)
  2 ball pythons
  2 bats
  2 frilled lizards
  A rat (D:1)
33 creatures vanquished.

Notes
Turn   | Place    | Note
-------+----------+-------------------------------------------
     0 | D:1      | promet the Spriggan Brigand began the quest for the Orb.
     0 | D:1      | Reached XP level 1. HP: 10/10 MP: 2/2
    85 | D:1      | Reached skill level 6 in Stealth
   169 | D:1      | Reached XP level 2. HP: 15/15 MP: 3/3
   283 | D:1      | Found a faded altar of an unknown god.
   928 | D:1      | Reached skill level 7 in Stealth
   928 | D:1      | Reached XP level 3. HP: 18/18 MP: 4/4
  1148 | D:2      | Learned a level 1 spell: Magic Dart
  1426 | D:2      | Found a radiant altar of Vehumet.
  1447 | D:2      | Became a worshipper of Vehumet
  1512 | D:2      | Noticed Robin
  1635 | D:2      | Killed Robin
  1636 | D:2      | Reached skill level 1 in Ranged Weapons
  1636 | D:2      | Reached XP level 4. HP: 23/23 MP: 5/5
  2033 | D:3      | Noticed Grinder
  2184 | D:3      | Paralysed by Grinder for 5 turns
  2189 | D:3      | Killed from afar by Grinder

Illustrated notes

Levels and vault maps discovered:
D:1:      dpeg_arrival_connections, layout_basic, basic_ecumenical_altar
D:2:      layout_basic, basic_altar, minmay_misc_feat_cross, uniq_robin
D:3:      layout_rooms, amcnicky_mini_pool_small, kennysheep_nub,
          minmay_unequal, uniq_grinder

Skill      XL: |  1  2  3 |
---------------+----------+-----
Stealth        | 6 7 |  7.5
Fighting       | 2 |  2.0
Ranged Weapons | 1 |  1.4
Short Blades   | |  2.6
Throwing       | |  2.0
Dodging        | |  1.5

Action                     |  1- 3 |  4- 6 || total
---------------------------+-------+-------++-------
  Melee: Dagger            |    23 |     9 ||    32
         Short sword       |    29 |       ||    29
   Fire: Sling             |    31 |     8 ||    39
  Throw: Dart              |     2 |     4 ||     6
    Use: Scroll            |     8 |     1 ||     9
         Potion            |       |     1 ||     1
   Stab: Sleeping          |    10 |       ||    10
 Armour: Robe              |    13 |     4 ||    17
  Dodge: Dodged            |    25 |     4 ||    29

Table legend: (Time is in decaauts)
 A = Elapsed time spent in this place.
 B = Non-inter-level travel time spent in this place.
 C = Inter-level travel time spent in this place.
 D = Time resting spent in this place.
 E = Time spent auto-exploring this place.
 F = Levels seen in this place.
 G = Mean time per level.
                   A        B        C        D        E       F      G
               +--------+--------+--------+--------+--------+-----+--------+
         Total |   1617 |   1587 |     30 |    531 |    328 |   3 |  539.0 |
       Dungeon |   1617 |   1587 |     30 |    531 |    328 |   3 |  539.0 |
               +--------+--------+--------+--------+--------+-----+--------+

Top non-repeatable levels by time:
     D:2: 867 daAuts
     D:1: 725 daAuts
     D:3: 24 daAuts
